Connexion

Rocket vs Eagles

Created - 9 octobre 2023 at 07:16

Goals
1 2 3 T
Rocket 0 1 3 4
Eagles 1 1 1 3
Shots
1 2 3 T
Rocket 9 8 9 26
Eagles 10 10 8 28

GoalsPenalties
1st period
1. Eagles , Radek Faksa 5 (David Gustafsson 12) at 19:39
Nikita Tryamkin (COL) for Hooking (Minor) at 1:25
Rinat Valiev (LAV) for Slashing (Minor) at 8:23
2nd period
2. Rocket , Nolan Stevens 7 (Boris Katchouk 7, Samuel Blais 12) at 1:52
3. Eagles , Brayden Burke 8 (William Lockwood 2, Dan Renouf 13) at 8:08 (PP)
Evan Barratt (LAV) for Hooking (Minor) at 7:50
3rd period
4. Eagles , Cooper Marody 8 (David Gustafsson 13, Brett Kulak 23) at 3:14
5. Rocket , Sampo Ranta 8 (Philippe Myers 16, Lucas Johansen 15) at 4:03
6. Rocket , Lucas Johansen 2 (Boris Katchouk 8, Samuel Blais 13) at 10:43
7. Rocket , Boris Katchouk 6 (Samuel Blais 14) at 18:53
No Penalty
Goalie Stats
Jonas Johansson (LAV), 25 saves from 28 shots - (0,893), W, 4-5-0, 60:00 minutes
Cory Schneider (COL), 22 saves from 26 shots - (0,846), L, 7-14-3, 59:43 minutes
3 StarsOfficial
1 - Boris Katchouk (LAV)
2 - Lucas Johansen (LAV)
3 - Samuel Blais (LAV)
Referees : Greg Kimmerly and Dennis LaRue
Linesman : Greg Devorski and Don Henderson
Game Note
Luc Snuggerud is injured at 15:25 of 1st period (Right Hip)
Finance
Level 1 -- Attendance: 1460 (73,00%) -- Ticket Income 58 400 $
Level 2 -- Attendance: 580 (58,00%) -- Ticket Income 14 500 $
Total Attendance: 2040 (68,00%)
Total Ticket Income: 72 900 $
Other Income: 14 580 $
Total Income: 87 480 $



Team Name Goals Shots Shots Attemp Shots Blocked PIM HIT PP PK FO%
Rocket 42667114170 / 1 (0%)149%
Eagles 32864122191 / 2 (50%)051%

Rocket
Player Name POS G A P +/- PIM HIT SHT SB MP PP MP PP SHT PK MP PK SHT FO% FOT
Andrei MironovD0001032321:030:2800:4000% 0
Boris KatchoukLW1232003016:540:0001:1900% 1
Evan BarrattC/LW000021103:160:0000:00033% 6
Joel L'EsperanceC000000102:010:2810:000100% 2
Jonah GadjovichLW0001040121:150:4701:19067% 3
Kale ClagueD0000010123:270:4701:1900% 0
Luc SnuggerudD000000213:560:0001:1900% 0
Lucas JohansenD1123011224:310:4400:1800% 0
Matt LuffRW000-1014018:180:4400:0000% 0
Michael Dal ColleLW000-1012018:260:4400:1800% 1
Mitchell StephensC0001001120:550:4700:40042% 19
Nolan StevensC/LW1012011016:430:2800:40073% 15
Philippe MyersD0111021023:231:1200:1800% 0
Rinat ValievD000-1212220:550:4700:0000% 0
Sampo RantaLW/RW1011002020:150:4700:00050% 2
Samuel BlaisLW/RW0332001015:350:0000:0000% 1
Spencer WatsonRW000000205:050:2800:4000% 0
Vladislav KamenevC000-1010021:430:4400:18039% 18
Eagles
Player Name POS G A P +/- PIM HIT SHT SB MP PP MP PP SHT PK MP PK SHT FO% FOT
Adam TambelliniC/LW000100105:360:0000:0000% 0
Branden TroockRW000-1024115:250:0000:000100% 2
Brayden BurkeC/LW/RW101-2014118:231:0020:00080% 5
Brett KulakD0110011222:431:0201:0500% 0
Cooper MarodyC/RW1010011018:530:4400:4900% 0
Dan RenoufD0110031222:320:5101:0500% 0
Daniel AudetteC000-1001115:360:1100:00043% 14
David GustafssonC0221014024:190:3301:10056% 16
Gage GoncalvesC000000000:530:3300:0000% 0
Leo KomarovLW0000020019:140:4401:1000% 2
Marc-Edouard VlasicD000-1010022:271:1500:5400% 0
Mark GiordanoD000-1000222:271:1500:5400% 0
Matej PaulovicLW000-1034015:250:0000:0000% 0
Nikita TryamkinD000-1200214:490:0000:0000% 0
Radek FaksaC101100105:360:0000:00050% 10
Ty EmbersonD000-1001115:010:1100:0000% 0
Tyler BozakC000-2002019:451:3300:49047% 19
William LockwoodRW011-2043018:561:3300:0000% 0



Play-by-Play

1st period


0:01 of 1st period - Vladislav Kamenev wins face-off versus David Gustafsson in neutral zone.
0:09 of 1st period - Cooper Marody is hit by Vladislav Kamenev and loses puck.
0:14 of 1st period - Shot by Michael Dal Colle.
0:14 of 1st period - Shot Misses the Net.
0:52 of 1st period - Shot by William Lockwood.
0:52 of 1st period - Stopped by Jonas Johansson without a rebound.
0:53 of 1st period - Daniel Audette wins face-off versus Mitchell Stephens in Rocket zone.
1:25 of 1st period - Minor Penalty to Nikita Tryamkin for Hooking.
1:26 of 1st period - David Gustafsson wins face-off versus Vladislav Kamenev in Eagles zone.
1:26 of 1st period - David Gustafsson is hit by Matt Luff.
2:25 of 1st period - Kale Clague is hit by Cooper Marody and loses puck.
2:38 of 1st period - Shot by Cooper Marody.
2:38 of 1st period - Shot Blocked by Rinat Valiev.
3:16 of 1st period - Shot by Philippe Myers.
3:16 of 1st period - Shot Blocked by Dan Renouf.
3:18 of 1st period - Shot by Spencer Watson.
3:18 of 1st period - Shot Misses the Net.
3:20 of 1st period - Shot by Andrei Mironov.
3:20 of 1st period - Shot Blocked by Brett Kulak.
3:22 of 1st period - Shot by Andrei Mironov.
3:22 of 1st period - Shot Misses the Net.
3:24 of 1st period - Shot by Joel L'Esperance.
3:24 of 1st period - Stopped by Cory Schneider without a rebound.
3:25 of 1st period - Daniel Audette wins face-off versus Nolan Stevens in Eagles zone.
3:42 of 1st period - Shot by Nolan Stevens.
3:42 of 1st period - Shot Misses the Net.
3:44 of 1st period - Shot by Andrei Mironov.
3:44 of 1st period - Shot Misses the Net.
3:46 of 1st period - Shot by Samuel Blais.
3:46 of 1st period - Shot Misses the Net.
3:48 of 1st period - Shot by Boris Katchouk.
3:48 of 1st period - Deflect By Samuel Blais.
3:48 of 1st period - Shot Blocked by Daniel Audette.
3:50 of 1st period - Shot by Luc Snuggerud.
3:50 of 1st period - Shot Blocked by Branden Troock.
3:52 of 1st period - Shot by Luc Snuggerud.
3:52 of 1st period - Stopped by Cory Schneider with a rebound.
3:54 of 1st period - Shot by Samuel Blais.
3:54 of 1st period - Shot Blocked by Ty Emberson.
3:56 of 1st period - Shot by Luc Snuggerud.
3:56 of 1st period - Stopped by Cory Schneider without a rebound.
3:57 of 1st period - Tyler Bozak wins face-off versus Evan Barratt in Eagles zone.
4:37 of 1st period - Icing by Mark Giordano.
4:38 of 1st period - Tyler Bozak wins face-off versus Mitchell Stephens in Eagles zone.
5:07 of 1st period - Shot by Mitchell Stephens.
5:07 of 1st period - Stopped by Cory Schneider without a rebound.
5:08 of 1st period - Nolan Stevens wins face-off versus David Gustafsson in Eagles zone.
5:13 of 1st period - Shot by Boris Katchouk.
5:13 of 1st period - Shot Misses the Net.
6:43 of 1st period - Icing by Philippe Myers.
6:44 of 1st period - Tyler Bozak wins face-off versus Michael Dal Colle in Rocket zone.
8:22 of 1st period - Brett Kulak is hit by Rinat Valiev and loses puck.
8:23 of 1st period - Minor Penalty to Rinat Valiev for Slashing.
8:24 of 1st period - Tyler Bozak wins face-off versus Jonah Gadjovich in Rocket zone.
8:25 of 1st period - Shot by Brayden Burke.
8:25 of 1st period - Stopped by Jonas Johansson without a rebound.
8:26 of 1st period - Jonah Gadjovich wins face-off versus Tyler Bozak in Rocket zone.
9:50 of 1st period - Mitchell Stephens is hit by William Lockwood and loses puck.
10:41 of 1st period - Shot by Daniel Audette.
10:41 of 1st period - Stopped by Jonas Johansson without a rebound.
10:42 of 1st period - Radek Faksa wins face-off versus Evan Barratt in Rocket zone.
10:44 of 1st period - Adam Tambellini is hit by Andrei Mironov and loses puck.
10:51 of 1st period - Shot by Spencer Watson.
10:51 of 1st period - Stopped by Cory Schneider with a rebound.
10:53 of 1st period - Shot by Vladislav Kamenev.
10:53 of 1st period - Shot Misses the Net.
10:55 of 1st period - Shot by Rinat Valiev.
10:55 of 1st period - Shot Blocked by Nikita Tryamkin.
10:57 of 1st period - Shot by Andrei Mironov.
10:57 of 1st period - Stopped by Cory Schneider without a rebound.
10:58 of 1st period - Nolan Stevens wins face-off versus Daniel Audette in Eagles zone.
11:54 of 1st period - Shot by David Gustafsson.
11:54 of 1st period - Shot Blocked by Lucas Johansen.
12:26 of 1st period - Shot by Matt Luff.
12:26 of 1st period - Stopped by Cory Schneider with a rebound.
13:10 of 1st period - Shot by William Lockwood.
13:10 of 1st period - Stopped by Jonas Johansson without a rebound.
13:11 of 1st period - Branden Troock wins face-off versus Sampo Ranta in Rocket zone.
13:14 of 1st period - Shot by Matej Paulovic.
13:14 of 1st period - Stopped by Jonas Johansson without a rebound.
13:15 of 1st period - Brayden Burke wins face-off versus Mitchell Stephens in Rocket zone.
13:49 of 1st period - Shot by William Lockwood.
13:49 of 1st period - Shot Blocked by Lucas Johansen.
14:19 of 1st period - Shot by Matej Paulovic.
14:19 of 1st period - Deflect By Branden Troock.
14:19 of 1st period - Stopped by Jonas Johansson without a rebound.
14:20 of 1st period - Nolan Stevens wins face-off versus Radek Faksa in Rocket zone.
15:25 of 1st period - Shot by Daniel Audette.
15:25 of 1st period - Shot Blocked by Luc Snuggerud.
15:25 of 1st period - Luc Snuggerud from Rocket is injured at 15:25 of 1st period (Right Hip).
15:26 of 1st period - Tyler Bozak wins face-off versus Vladislav Kamenev in Rocket zone.
15:26 of 1st period - Tyler Bozak is hit by Andrei Mironov.
15:42 of 1st period - Shot by Andrei Mironov.
15:42 of 1st period - Stopped by Cory Schneider without a rebound.
15:43 of 1st period - Mitchell Stephens wins face-off versus Daniel Audette in Eagles zone.
15:43 of 1st period - Mitchell Stephens is hit by Marc-Edouard Vlasic.
15:47 of 1st period - Shot by Sampo Ranta.
15:47 of 1st period - Shot Misses the Net.
16:03 of 1st period - Shot by Matej Paulovic.
16:03 of 1st period - Stopped by Jonas Johansson without a rebound.
16:04 of 1st period - Tyler Bozak wins face-off versus Vladislav Kamenev in Rocket zone.
16:26 of 1st period - Icing by Brett Kulak.
16:27 of 1st period - Mitchell Stephens wins face-off versus Tyler Bozak in Eagles zone.
16:36 of 1st period - Shot by Brayden Burke.
16:36 of 1st period - Shot Misses the Net.
16:38 of 1st period - Shot by Tyler Bozak.
16:38 of 1st period - Stopped by Jonas Johansson without a rebound.
16:39 of 1st period - David Gustafsson wins face-off versus Samuel Blais in Rocket zone.
16:49 of 1st period - Icing by Mark Giordano.
16:50 of 1st period - David Gustafsson wins face-off versus Vladislav Kamenev in Eagles zone.
17:02 of 1st period - Icing by Philippe Myers.
17:03 of 1st period - Vladislav Kamenev wins face-off versus Tyler Bozak in Rocket zone.
17:16 of 1st period - Shot by Matt Luff.
17:16 of 1st period - Stopped by Cory Schneider without a rebound.
17:17 of 1st period - David Gustafsson wins face-off versus Mitchell Stephens in Eagles zone.
17:36 of 1st period - Shot by Sampo Ranta.
17:36 of 1st period - Shot Blocked by Mark Giordano.
18:36 of 1st period - Shot by Brayden Burke.
18:36 of 1st period - Stopped by Jonas Johansson with a rebound.
18:38 of 1st period - Shot by Tyler Bozak.
18:38 of 1st period - Deflect By Brayden Burke.
18:38 of 1st period - Shot Misses the Net.
18:42 of 1st period - Shot by Tyler Bozak.
18:42 of 1st period - Shot Misses the Net.
19:39 of 1st period - Shot by Radek Faksa.
19:39 of 1st period - Goal by Radek Faksa - Rocket : 0 - Eagles : 1.
19:40 of 1st period - Nolan Stevens wins face-off versus David Gustafsson in neutral zone.
Goals for this period are 0 for Rocket vs 1 for Eagles.
Shots for this period are 9 for Rocket vs 10 for Eagles.

2nd period


0:01 of 2nd period - David Gustafsson wins face-off versus Vladislav Kamenev in neutral zone.
0:17 of 2nd period - Vladislav Kamenev is hit by Brett Kulak and loses puck.
0:27 of 2nd period - Vladislav Kamenev is hit by Dan Renouf and loses puck.
0:35 of 2nd period - Vladislav Kamenev is hit by Dan Renouf and loses puck.
1:24 of 2nd period - Shot by Sampo Ranta.
1:24 of 2nd period - Stopped by Cory Schneider with a rebound.
1:26 of 2nd period - Shot by Sampo Ranta.
1:26 of 2nd period - Shot Misses the Net.
1:50 of 2nd period - Shot by Boris Katchouk.
1:50 of 2nd period - Stopped by Cory Schneider with a rebound.
1:52 of 2nd period - Shot by Nolan Stevens.
1:52 of 2nd period - Goal by Nolan Stevens - Rocket : 1 - Eagles : 1.
1:53 of 2nd period - Branden Troock wins face-off versus Evan Barratt in neutral zone.
1:53 of 2nd period - Daniel Audette is hit by Andrei Mironov and loses puck.
2:08 of 2nd period - Shot by Spencer Watson.
2:08 of 2nd period - Shot Misses the Net.
2:10 of 2nd period - Shot by Rinat Valiev.
2:10 of 2nd period - Stopped by Cory Schneider without a rebound.
2:11 of 2nd period - Radek Faksa wins face-off versus Nolan Stevens in Eagles zone.
2:40 of 2nd period - Shot by David Gustafsson.
2:40 of 2nd period - Shot Misses the Net.
2:42 of 2nd period - Shot by David Gustafsson.
2:42 of 2nd period - Stopped by Jonas Johansson without a rebound.
2:43 of 2nd period - Daniel Audette wins face-off versus Vladislav Kamenev in Rocket zone.
3:04 of 2nd period - Shot by Daniel Audette.
3:04 of 2nd period - Shot Misses the Net.
3:06 of 2nd period - Shot by Matej Paulovic.
3:06 of 2nd period - Stopped by Jonas Johansson without a rebound.
3:07 of 2nd period - Mitchell Stephens wins face-off versus Tyler Bozak in Rocket zone.
3:07 of 2nd period - Mitchell Stephens is hit by Brayden Burke.
3:15 of 2nd period - Shot by Brayden Burke.
3:15 of 2nd period - Deflect By William Lockwood.
3:15 of 2nd period - Stopped by Jonas Johansson without a rebound.
3:16 of 2nd period - Nolan Stevens wins face-off versus David Gustafsson in Rocket zone.
4:18 of 2nd period - Shot by Michael Dal Colle.
4:18 of 2nd period - Deflect By Matt Luff.
4:18 of 2nd period - Stopped by Cory Schneider without a rebound.
4:19 of 2nd period - Brayden Burke wins face-off versus Mitchell Stephens in Eagles zone.
4:41 of 2nd period - Shot by William Lockwood.
4:41 of 2nd period - Shot Misses the Net.
5:12 of 2nd period - Shot by Matt Luff.
5:12 of 2nd period - Shot Misses the Net.
5:22 of 2nd period - Shot by Matt Luff.
5:22 of 2nd period - Shot Misses the Net.
5:55 of 2nd period - Shot by Ty Emberson.
5:55 of 2nd period - Stopped by Jonas Johansson without a rebound.
5:56 of 2nd period - Nolan Stevens wins face-off versus Radek Faksa in Rocket zone.
6:57 of 2nd period - Jonah Gadjovich is hit by Matej Paulovic and loses puck.
7:18 of 2nd period - Shot by Rinat Valiev.
7:18 of 2nd period - Shot Misses the Net.
7:20 of 2nd period - Shot by Sampo Ranta.
7:20 of 2nd period - Shot Misses the Net.
7:22 of 2nd period - Shot by Sampo Ranta.
7:22 of 2nd period - Shot Blocked by Nikita Tryamkin.
7:24 of 2nd period - Shot by Rinat Valiev.
7:24 of 2nd period - Stopped by Cory Schneider without a rebound.
7:25 of 2nd period - David Gustafsson wins face-off versus Evan Barratt in Eagles zone.
7:25 of 2nd period - David Gustafsson is hit by Evan Barratt.
7:50 of 2nd period - Minor Penalty to Evan Barratt for Hooking.
7:51 of 2nd period - Brayden Burke wins face-off versus Vladislav Kamenev in Rocket zone.
8:06 of 2nd period - Shot by William Lockwood.
8:06 of 2nd period - Shot Misses the Net.
8:08 of 2nd period - Shot by Brayden Burke.
8:08 of 2nd period - Goal by Brayden Burke - Rocket : 1 - Eagles : 2.
8:09 of 2nd period - Mitchell Stephens wins face-off versus Daniel Audette in neutral zone.
8:20 of 2nd period - Shot by Jonah Gadjovich.
8:20 of 2nd period - Shot Blocked by Mark Giordano.
8:22 of 2nd period - Shot by Mitchell Stephens.
8:22 of 2nd period - Shot Misses the Net.
8:31 of 2nd period - Branden Troock is hit by Jonah Gadjovich and loses puck.
8:56 of 2nd period - Marc-Edouard Vlasic is hit by Jonah Gadjovich and loses puck.
9:27 of 2nd period - Shot by Leo Komarov.
9:27 of 2nd period - Deflect By David Gustafsson.
9:27 of 2nd period - Stopped by Jonas Johansson without a rebound.
9:28 of 2nd period - Vladislav Kamenev wins face-off versus Tyler Bozak in Rocket zone.
10:37 of 2nd period - Shot by David Gustafsson.
10:37 of 2nd period - Stopped by Jonas Johansson without a rebound.
10:38 of 2nd period - Mitchell Stephens wins face-off versus Radek Faksa in Rocket zone.
11:11 of 2nd period - Icing by Philippe Myers.
11:12 of 2nd period - Daniel Audette wins face-off versus Mitchell Stephens in Rocket zone.
12:16 of 2nd period - Icing by Kale Clague.
12:17 of 2nd period - David Gustafsson wins face-off versus Vladislav Kamenev in Rocket zone.
12:26 of 2nd period - Shot by Leo Komarov.
12:26 of 2nd period - Shot Misses the Net.
12:51 of 2nd period - Icing by Lucas Johansen.
12:52 of 2nd period - Nolan Stevens wins face-off versus Tyler Bozak in Rocket zone.
12:52 of 2nd period - Nolan Stevens is hit by William Lockwood.
13:10 of 2nd period - Shot by Samuel Blais.
13:10 of 2nd period - Stopped by Cory Schneider without a rebound.
13:11 of 2nd period - Daniel Audette wins face-off versus Mitchell Stephens in Eagles zone.
13:48 of 2nd period - Shot by Branden Troock.
13:48 of 2nd period - Stopped by Jonas Johansson without a rebound.
13:49 of 2nd period - Vladislav Kamenev wins face-off versus Leo Komarov in Rocket zone.
14:02 of 2nd period - Shot by David Gustafsson.
14:02 of 2nd period - Deflect By Cooper Marody.
14:02 of 2nd period - Shot Misses the Net.
14:52 of 2nd period - William Lockwood is hit by Philippe Myers and loses puck.
15:19 of 2nd period - Sampo Ranta is hit by William Lockwood and loses puck.
15:30 of 2nd period - Matej Paulovic is hit by Jonah Gadjovich and loses puck.
17:19 of 2nd period - Shot by David Gustafsson.
17:19 of 2nd period - Shot Misses the Net.
17:47 of 2nd period - Shot by Brayden Burke.
17:47 of 2nd period - Shot Misses the Net.
17:49 of 2nd period - Shot by Mark Giordano.
17:49 of 2nd period - Shot Misses the Net.
17:51 of 2nd period - Shot by Tyler Bozak.
17:51 of 2nd period - Stopped by Jonas Johansson without a rebound.
17:52 of 2nd period - Joel L'Esperance wins face-off versus Radek Faksa in Rocket zone.
18:11 of 2nd period - Shot by Michael Dal Colle.
18:11 of 2nd period - Stopped by Cory Schneider without a rebound.
18:12 of 2nd period - Tyler Bozak wins face-off versus Nolan Stevens in Eagles zone.
18:50 of 2nd period - Off-side.
18:51 of 2nd period - Jonah Gadjovich wins face-off versus Daniel Audette in neutral zone.
18:51 of 2nd period - Sampo Ranta is hit by Matej Paulovic and loses puck.
19:05 of 2nd period - Shot by Daniel Audette.
19:05 of 2nd period - Shot Misses the Net.
19:07 of 2nd period - Shot by Branden Troock.
19:07 of 2nd period - Shot Blocked by Mitchell Stephens.
19:09 of 2nd period - Shot by Daniel Audette.
19:09 of 2nd period - Shot Blocked by Jonah Gadjovich.
19:11 of 2nd period - Shot by Brett Kulak.
19:11 of 2nd period - Shot Misses the Net.
19:13 of 2nd period - Shot by Dan Renouf.
19:13 of 2nd period - Stopped by Jonas Johansson without a rebound.
19:14 of 2nd period - Vladislav Kamenev wins face-off versus Leo Komarov in Rocket zone.
19:14 of 2nd period - Vladislav Kamenev is hit by Leo Komarov.
19:41 of 2nd period - Shot by Vladislav Kamenev.
19:41 of 2nd period - Shot Misses the Net.
Goals for this period are 1 for Rocket vs 1 for Eagles.
Shots for this period are 8 for Rocket vs 10 for Eagles.

3rd period


0:01 of 3rd period - Vladislav Kamenev wins face-off versus David Gustafsson in neutral zone.
0:15 of 3rd period - Shot by Cooper Marody.
0:15 of 3rd period - Shot Misses the Net.
0:33 of 3rd period - Shot by Matt Luff.
0:33 of 3rd period - Shot Misses the Net.
0:35 of 3rd period - Shot by Vladislav Kamenev.
0:35 of 3rd period - Shot Misses the Net.
1:03 of 3rd period - Shot by William Lockwood.
1:03 of 3rd period - Shot Blocked by Rinat Valiev.
1:41 of 3rd period - Icing by Marc-Edouard Vlasic.
1:42 of 3rd period - Tyler Bozak wins face-off versus Nolan Stevens in Eagles zone.
1:42 of 3rd period - Mark Giordano is hit by Nolan Stevens and loses puck.
1:48 of 3rd period - Icing by Mark Giordano.
1:49 of 3rd period - Nolan Stevens wins face-off versus Tyler Bozak in Eagles zone.
1:56 of 3rd period - Shot by Nolan Stevens.
1:56 of 3rd period - Shot Misses the Net.
2:11 of 3rd period - Andrei Mironov is hit by Matej Paulovic and loses puck.
3:02 of 3rd period - Shot by Cooper Marody.
3:02 of 3rd period - Shot Misses the Net.
3:14 of 3rd period - Shot by David Gustafsson.
3:14 of 3rd period - Deflect By Cooper Marody.
3:14 of 3rd period - Goal by Cooper Marody - Rocket : 1 - Eagles : 3.
3:15 of 3rd period - Radek Faksa wins face-off versus Vladislav Kamenev in neutral zone.
3:25 of 3rd period - Shot by Radek Faksa.
3:25 of 3rd period - Deflect By Adam Tambellini.
3:25 of 3rd period - Stopped by Jonas Johansson with a rebound.
3:31 of 3rd period - Shot by David Gustafsson.
3:31 of 3rd period - Stopped by Jonas Johansson without a rebound.
3:32 of 3rd period - Tyler Bozak wins face-off versus Mitchell Stephens in Rocket zone.
4:03 of 3rd period - Shot by Sampo Ranta.
4:03 of 3rd period - Goal by Sampo Ranta - Rocket : 2 - Eagles : 3.
4:04 of 3rd period - David Gustafsson wins face-off versus Vladislav Kamenev in neutral zone.
4:21 of 3rd period - Shot by Cooper Marody.
4:21 of 3rd period - Shot Misses the Net.
4:33 of 3rd period - Nikita Tryamkin is hit by Michael Dal Colle and loses puck.
5:18 of 3rd period - Kale Clague is hit by Branden Troock and loses puck.
6:04 of 3rd period - Boris Katchouk is hit by William Lockwood and loses puck.
6:23 of 3rd period - Shot by Boris Katchouk.
6:23 of 3rd period - Shot Blocked by Dan Renouf.
6:25 of 3rd period - Shot by Samuel Blais.
6:25 of 3rd period - Shot Misses the Net.
6:27 of 3rd period - Shot by Philippe Myers.
6:27 of 3rd period - Stopped by Cory Schneider without a rebound.
6:28 of 3rd period - David Gustafsson wins face-off versus Vladislav Kamenev in Eagles zone.
6:56 of 3rd period - Shot by Michael Dal Colle.
6:56 of 3rd period - Shot Misses the Net.
6:58 of 3rd period - Shot by Michael Dal Colle.
6:58 of 3rd period - Stopped by Cory Schneider with a rebound.
7:00 of 3rd period - Shot by Michael Dal Colle.
7:00 of 3rd period - Shot Misses the Net.
7:02 of 3rd period - Shot by Philippe Myers.
7:02 of 3rd period - Shot Misses the Net.
7:04 of 3rd period - Shot by Vladislav Kamenev.
7:04 of 3rd period - Shot Misses the Net.
7:18 of 3rd period - Samuel Blais is hit by Leo Komarov and loses puck.
8:16 of 3rd period - Shot by Matej Paulovic.
8:16 of 3rd period - Stopped by Jonas Johansson without a rebound.
8:17 of 3rd period - Evan Barratt wins face-off versus Daniel Audette in Rocket zone.
8:36 of 3rd period - Shot by Spencer Watson.
8:36 of 3rd period - Stopped by Cory Schneider without a rebound.
8:37 of 3rd period - Radek Faksa wins face-off versus Mitchell Stephens in Eagles zone.
8:37 of 3rd period - David Gustafsson is hit by Jonah Gadjovich and loses puck.
9:02 of 3rd period - Vladislav Kamenev is hit by David Gustafsson and loses puck.
9:24 of 3rd period - Icing by Philippe Myers.
9:25 of 3rd period - Mitchell Stephens wins face-off versus Daniel Audette in Rocket zone.
9:41 of 3rd period - Icing by Samuel Blais.
9:42 of 3rd period - Nolan Stevens wins face-off versus Tyler Bozak in Rocket zone.
9:47 of 3rd period - Shot by Ty Emberson.
9:47 of 3rd period - Shot Blocked by Kale Clague.
9:53 of 3rd period - Shot by Tyler Bozak.
9:53 of 3rd period - Deflect By Brayden Burke.
9:53 of 3rd period - Shot Misses the Net.
9:55 of 3rd period - Shot by Brayden Burke.
9:55 of 3rd period - Stopped by Jonas Johansson without a rebound.
9:56 of 3rd period - Joel L'Esperance wins face-off versus David Gustafsson in Rocket zone.
10:41 of 3rd period - Shot by Boris Katchouk.
10:41 of 3rd period - Shot Misses the Net.
10:43 of 3rd period - Shot by Lucas Johansen.
10:43 of 3rd period - Goal by Lucas Johansen - Rocket : 3 - Eagles : 3.
10:44 of 3rd period - Mitchell Stephens wins face-off versus Tyler Bozak in neutral zone.
10:50 of 3rd period - Brett Kulak is hit by Lucas Johansen and loses puck.
12:31 of 3rd period - Shot by Matej Paulovic.
12:31 of 3rd period - Shot Misses the Net.
12:39 of 3rd period - Shot by Branden Troock.
12:39 of 3rd period - Shot Misses the Net.
12:41 of 3rd period - Shot by Branden Troock.
12:41 of 3rd period - Stopped by Jonas Johansson without a rebound.
12:42 of 3rd period - Nolan Stevens wins face-off versus David Gustafsson in Rocket zone.
13:12 of 3rd period - Shot by David Gustafsson.
13:12 of 3rd period - Shot Misses the Net.
13:14 of 3rd period - Shot by Cooper Marody.
13:14 of 3rd period - Shot Misses the Net.
13:32 of 3rd period - Shot by Evan Barratt.
13:32 of 3rd period - Stopped by Cory Schneider without a rebound.
13:33 of 3rd period - Evan Barratt wins face-off versus Daniel Audette in Eagles zone.
13:44 of 3rd period - Kale Clague is hit by Branden Troock and loses puck.
13:51 of 3rd period - Shot by Branden Troock.
13:51 of 3rd period - Shot Misses the Net.
13:53 of 3rd period - Shot by Daniel Audette.
13:53 of 3rd period - Shot Blocked by Andrei Mironov.
14:05 of 3rd period - Shot by Daniel Audette.
14:05 of 3rd period - Shot Blocked by Andrei Mironov.
14:07 of 3rd period - Shot by Nikita Tryamkin.
14:07 of 3rd period - Shot Blocked by Andrei Mironov.
14:20 of 3rd period - Off-side.
14:21 of 3rd period - Mitchell Stephens wins face-off versus Tyler Bozak in neutral zone.
14:52 of 3rd period - Shot by Mitchell Stephens.
14:52 of 3rd period - Shot Blocked by Brayden Burke.
14:54 of 3rd period - Shot by Mitchell Stephens.
14:54 of 3rd period - Shot Misses the Net.
14:56 of 3rd period - Shot by Sampo Ranta.
14:56 of 3rd period - Shot Blocked by Brett Kulak.
15:52 of 3rd period - Shot by David Gustafsson.
15:52 of 3rd period - Shot Misses the Net.
16:23 of 3rd period - Shot by Sampo Ranta.
16:23 of 3rd period - Shot Misses the Net.
16:25 of 3rd period - Shot by Matt Luff.
16:25 of 3rd period - Stopped by Cory Schneider without a rebound.
16:26 of 3rd period - Radek Faksa wins face-off versus Boris Katchouk in Eagles zone.
16:53 of 3rd period - Shot by Boris Katchouk.
16:53 of 3rd period - Shot Misses the Net.
16:55 of 3rd period - Shot by Boris Katchouk.
16:55 of 3rd period - Stopped by Cory Schneider without a rebound.
16:56 of 3rd period - Brayden Burke wins face-off versus Mitchell Stephens in Eagles zone.
17:06 of 3rd period - Icing by Philippe Myers.
17:07 of 3rd period - Daniel Audette wins face-off versus Mitchell Stephens in Rocket zone.
17:11 of 3rd period - Matej Paulovic is hit by Philippe Myers and loses puck.
17:14 of 3rd period - Shot by Branden Troock.
17:14 of 3rd period - Shot Misses the Net.
17:16 of 3rd period - Shot by Branden Troock.
17:16 of 3rd period - Stopped by Jonas Johansson without a rebound.
17:17 of 3rd period - Vladislav Kamenev wins face-off versus Brayden Burke in Rocket zone.
17:44 of 3rd period - Brayden Burke is hit by Kale Clague and loses puck.
18:33 of 3rd period - Shot by Brett Kulak.
18:33 of 3rd period - Stopped by Jonas Johansson without a rebound.
18:34 of 3rd period - Nolan Stevens wins face-off versus Daniel Audette in Rocket zone.
18:53 of 3rd period - Shot by Boris Katchouk.
18:53 of 3rd period - Goal by Boris Katchouk - Rocket : 4 - Eagles : 3.
18:54 of 3rd period - Sampo Ranta wins face-off versus Radek Faksa in neutral zone.
19:30 of 3rd period - Andrei Mironov is hit by Dan Renouf and loses puck.
19:43 of 3rd period - Eagles, Cory Schneider is pulled from the net.
Goals for this period are 3 for Rocket vs 1 for Eagles.
Shots for this period are 9 for Rocket vs 8 for Eagles.